 Dungeon Crawl Stone Soup version 0.17.0-28-g6e173f8 (console) character file.

25 Kloppie the Insei (level 2, 0/22 HPs)
             Began as a Demigod Transmuter on Nov 25, 2015.
             Slain by a hobgoblin
             ... wielding a +0 club
              (6 damage)
             ... on level 1 of the Dungeon.
             The game lasted 00:01:42 (1348 turns).

Kloppie the Insei (Demigod Transmuter)              Turns: 1348, Time: 00:01:42

Health: 0/22       AC:  3    Str: 13    XL:     2   Next: 66%
Magic:  6/7        EV: 12    Int: 17    God:
Gold:   94         SH:  0    Dex: 16    Spells: 1 memorised, 3 levels left

rFire  . . .     SeeInvis .       - Unarmed
rCold  . . .     Clarity  .     b - +0 robe
rNeg   . . .     SustAt   +     (no shield)
rPois  .         Gourm    .     e - +0 helmet
rElec  .         Spirit   .     (no cloak)
rCorr  .         Warding  .     (no gloves)
rMut   .         Stasis   .     (boots currently unavailable)
MR     .....                    (no amulet)
Stlth  +.........               (no ring)
                                (no ring)

@: appendage (expiring), not resistant to hostile enchantments, very unstealthy
A: talons 3, high mp 1, sustain attributes
a: End Transformation


You were on level 1 of the Dungeon.
You were not hungry.
You had grown temporary talons.
You visited 1 branch of the dungeon, and saw 1 of its levels.

You collected 94 gold pieces.

Inventory:

Missiles
 a - 35 arrows
Armour
 b - a +0 robe (worn)
 e - a +0 helmet (worn)
 o - a +0 buckler
Jewellery
 f - an uncursed ring of protection from magic {unknown}
 i - a cursed ring of teleportation {unknown}
Scrolls
 j - a scroll of recharging {unknown}
 k - a scroll of identify {unknown}
 m - a scroll of noise {unknown}
 n - a scroll of blinking {unknown}
Potions
 g - 2 potions of brilliance {unknown}
 h - a potion of curing {unknown}
Books
 c - a book of Changes

   Spells                             Type                      Level
   a - Beastly Appendage              Transmutation                1
   b - Sticks to Snakes               Transmutation                2
   c - Spider Form                    Transmutation/Poison         3
   d - Ice Form                       Ice/Transmutation            4
   e - Blade Hands                    Transmutation                5
Comestibles
 d - a bread ration
 l - a slice of pizza


   Skills:
 - Level 0.8 Fighting
 - Level 1.7 Dodging
 + Level 3.7 Unarmed Combat
 - Level 1.7 Spellcasting
 - Level 1.7 Transmutations


You had 3 spell levels left.
You knew the following spells:

 Your Spells              Type           Power        Failure   Level  Hunger
a - Beastly Appendage     Trmt           #.....       12%         1    #......


Dungeon Overview and Level Annotations

Branches:
Dungeon (1/15)


Innate Abilities, Weirdness & Mutations

You have an increased reservoir of magic (+10% MP).
Your attributes are resistant to harm.
You have claws for feet.


Message History

Confirm with . or Enter, or press ? or * to list all spells.
Your feet morph into talons.
The bat hits you but does no damage. The bat closely misses you.
You miss the bat. The bat hits you but does no damage.
You barely miss the ball python. The bat barely misses you.
The ball python barely misses you. x2
You barely miss the ball python. You claw the ball python.
The ball python is moderately wounded.
The ball python misses you. The ball python closely misses you.
You hit the ball python.
You kill the ball python!
The bat barely misses you. The bat closely misses you.
You closely miss the bat. The bat hits you but does no damage.
The bat hits you.
* * * LOW HITPOINT WARNING * * *
You miss the bat.
Your transformation is almost over.
The bat closely misses you. The bat misses you.
The hobgoblin hits you with a club.
You die...

#.........# ##+## #.#
#.###.###.# #.# #.# #.#
#.###.####.# #.# #.#
#........#.## #.# #.#
#####.##....## #.#
#.#######.##.....########.#
#.........................#
########.###g#...##.####### #.#
#@#...##.# #.# #b....##.#
#.###.#.#.#..##
#.......b.....##
######..#####..##
##..#.....#..##
##..#.......#..##
############S.#....<....#..###
........##g....#.......#.....##


You could see a hobgoblin and 2 bats.

Vanquished Creatures
  A ball python (D:1)
  4 goblins (D:1)
  3 hobgoblins (D:1)
  6 jackals (D:1)
  A bat (D:1)
  A giant gecko (D:1)
  4 kobolds (D:1)
  5 rats (D:1)
25 creatures vanquished.

Notes
Turn   | Place    | Note
--------------------------------------------------------------
     0 | D:1      | Kloppie the Demigod Transmuter began the quest for the Orb.
     0 | D:1      | Reached XP level 1. HP: 15/15 MP: 5/5
   340 | D:1      | Reached skill level 3 in Unarmed Combat
   914 | D:1      | Reached XP level 2. HP: 22/22 MP: 7/7
  1348 | D:1      | Slain by a hobgoblin

Action                   || total
-------------------------++-------
Melee: Unarmed           ||    85
 Cast: Beastly Appendage ||     1
 Stab: Sleeping          ||     2
  Eat: Chunk             ||     1
